 Dungeon Crawl Stone Soup version 0.27-a0-1301-g128193abf8 (webtiles) character file.

Game seed: 3456013837815641078

77 funkygono the Stinger (level 4, 0/30 HPs)
             Began as a Formicid Venom Mage on June 18, 2021.
             Slain by a phantom (8 damage)
             ... on level 3 of the Dungeon.
             The game lasted 00:05:04 (2652 turns).

funkygono the Stinger (Formicid Venom Mage)         Turns: 2652, Time: 00:05:05

Health: 0/30       AC:  4    Str: 13    XL:     4   Next: 60%
Magic:  8/8        EV: 12    Int: 15    God:
Gold:   89         SH:  0    Dex: 11    Spells: 1/8 levels left

rFire    . . .     SeeInvis +   c - +0 whip
rCold    . . .     Faith    .   (no shield)
rNeg     . . .     Spirit   .   a - +0 robe
rPois    .         Reflect  .   (helmet unavailable)
rElec    .         Harm     .   k - +1 cloak
rCorr    .         Rampage  .   (no gloves)
Will     +....                  (no boots)
Stlth    ++........             (no amulet)
HPRegen  0.10/turn              d - ring of willpower
MPRegen  0.11/turn              (no ring)

@: no status effects
A: permanent stasis, dig shafts and tunnels, antennae 3, four strong arms
a: Dig, Shaft Self


You were on level 3 of the Dungeon.
You visited 1 branch of the dungeon, and saw 3 of its levels.

You collected 89 gold pieces.

Inventory:

Hand Weapons
 c - a +0 whip (weapon)
Armour
 a - a +0 robe (worn)
 g - a +0 chain mail of cold resistance
 h - a +0 leather armour
 k - a +1 cloak (worn)
Magical Staves
 b - a staff of poison
Jewellery
 d - a ring of willpower (left hand)
Potions
 e - a potion of mutation {unknown}
 f - a potion of flight {unknown}


   Skills:
 * Level 0.3 Maces & Flails
 + Level 2.0 Dodging
 - Level 2.4 Stealth
 + Level 2.8 Spellcasting
 * Level 0.5 Conjurations
 + Level 1.5 Transmutations
 * Level 0.9 Fire Magic
 * Level 5.3 Poison Magic


You had one spell level left.
You knew the following spells:

 Your Spells              Type           Power      Damage    Failure   Level
a - Sting                 Tmut/Pois      48%        1d5       4%          1
b - Mephitic Cloud        Conj/Pois/Air  8%         N/A       26%         3
c - Ignite Poison         Fire/Tmut/Pois 9%         N/A       22%         3

Your spell library contained the following spells:

 Spells                   Type           Power      Damage    Failure   Level
 Poisonous Vapours        Pois/Air       20%        N/A       11%         2
 Olgreb's Toxic Radiance  Pois           18%        N/A       22%         4


Dungeon Overview and Level Annotations

Branches:
Dungeon (3/15)

Altars:


Innate Abilities, Weirdness & Mutations

You cannot be hasted, slowed, berserked, paralysed or teleported.
You can dig through walls and to a lower floor.
You have a pair of large antennae on your head. (SInv)
Your four strong arms can wield two-handed weapons with a shield.


Message History

You closely miss the phantom.
The phantom is lightly damaged.
The phantom hits you.
You hit the phantom.
The phantom is moderately damaged.
The phantom hits you.
You barely miss the phantom.
The phantom is moderately damaged.
The phantom hits you.
You miss the phantom.
The phantom is moderately damaged.
The phantom hits you but does no damage.
Your magical contamination has completely faded away.
You closely miss the phantom.
The phantom is moderately damaged.
The phantom completely misses you.
You closely miss the phantom.
The phantom is moderately damaged.
The phantom hits you!
You hit the phantom.
The phantom is moderately damaged.
The phantom misses you.
You closely miss the phantom.
The phantom is moderately damaged.
The phantom hits you.
You hit the phantom but do no damage.
The phantom is moderately damaged.
The phantom hits you but does no damage.
You miss the phantom.
The phantom is moderately damaged.
The phantom barely misses you.
You closely miss the phantom.
The phantom is moderately damaged.
The phantom hits you!
* * * LOW HITPOINT WARNING * * *
The phantom closely misses you.
You closely miss the phantom.
The phantom is moderately damaged.
The phantom hits you!
You die...

#.. #.### ## #.##.#
#.# #.# #.###.# {
#.# #.#.#
#.####..##########
##.##..........(..#
#.........@######.#
#.#####..#W#
#.#####..#.#
#..<........
#..##.....#..
#..##.........
#...#.....#.>.
#...#.....#.#.
#...# ##


You could see a phantom.

Vanquished Creatures
  Robin (D:2)
  An adder (D:2)
  A dart slug (D:2)
  2 bats
  An endoplasm (D:1)
  3 giant cockroaches
  11 goblins
  6 hobgoblins
  11 jackals
  3 quokkas
  A ball python (D:1)
  A frilled lizard (D:2)
  4 kobolds
  A rat (D:1)
47 creatures vanquished.

Notes
Turn   | Place    | Note
-------+----------+-------------------------------------------
     0 | D:1      | funkygono the Formicid Venom Mage began the quest for the
                  | Orb.
     0 | D:1      | Reached XP level 1. HP: 13/13 MP: 3/3
   329 | D:1      | Reached XP level 2. HP: 19/19 MP: 3/5
   804 | D:1      | Reached XP level 3. HP: 22/24 MP: 2/6
  1193 | D:1      | Learned a level 3 spell: Mephitic Cloud
  1197 | D:1      | Learned a level 3 spell: Ignite Poison
  1279 | D:2      | Noticed Robin
  1352 | D:2      | Killed Robin
  1624 | D:2      | Found a faded altar of an unknown god.
  1722 | D:2      | Reached XP level 4. HP: 29/30 MP: 4/8
  1819 | D:2      | Reached skill level 5 in Poison Magic
  2636 | D:3      | Noticed a phantom
  2652 | D:3      | Slain by a phantom

Illustrated notes

Levels and vault maps discovered:
D:1:      dpeg_arrival_arbitrary_a, layout_loops_cross
D:2:      layout_basic, chequers_ecumenical_altar_island, kennysheep_nub,
          uniq_robin
D:3:      layout_loops_ring, nemelex_xobeh_ov_fountains_minmay,
          ebering_ghost_sewer_f

Skill      XL: |  1  2  3  4 |
---------------+-------------+-----
Dodging        | 2 |  2.0
Poison Magic   | 5 |  5.3
Maces & Flails | |  0.3
Stealth        | |  2.4
Spellcasting   | |  2.8
Conjurations   | |  0.5
Transmutations | |  1.5
Fire Magic     | |  0.9

Action                   |  1- 3 |  4- 6 || total
-------------------------+-------+-------++-------
Melee: Whip              |    20 |    21 ||    41
       Staff             |       |     2 ||     2
 Cast: Sting             |    41 |    19 ||    60
       Mephitic Cloud    |     1 |       ||     1
       Ignite Poison     |     1 |       ||     1
  Use: Scroll            |     1 |     3 ||     4
Armor: Robe              |     7 |     4 ||    11
Dodge: Dodged            |    23 |    18 ||    41

Table legend: (Time is in decaauts)
 A = Elapsed time spent in this place.
 B = Non-inter-level travel time spent in this place.
 C = Inter-level travel time spent in this place.
 D = Time resting spent in this place.
 E = Time spent auto-exploring this place.
 F = Levels seen in this place.
 G = Mean time per level.
                   A        B        C        D        E       F      G
               +--------+--------+--------+--------+--------+-----+--------+
         Total |   2671 |   2597 |     74 |    235 |   1908 |   3 |  890.3 |
       Dungeon |   2671 |   2597 |     74 |    235 |   1908 |   3 |  890.3 |
               +--------+--------+--------+--------+--------+-----+--------+

Top non-repeatable levels by time:
     D:2: 1398 daAuts
     D:1: 1224 daAuts
     D:3: 48 daAuts
